 Dungeon Sprint DCSS version 0.19.4-10-g532645f (webtiles) character file.

16 equalderp2856 the Scratcher (level 2, -1/14 HPs)
             Began as a Felid Fighter on Feb 25, 2017.
             Was an Initiate of Gozag.
             Slain by a wight
             ... wielding a +4 morningstar
              (13 damage)
             ... in the Dungeon (Sprint VII: "The Pits").
             The game lasted 00:01:36 (525 turns).

equalderp2856 the Scratcher (Felid Fighter)          Turns: 525, Time: 00:01:36

Health: -1/14      AC:  1    Str: 12    XL:     2   Next: 41%
Magic:  3/3        EV: 20    Int:  9    God:    Gozag
Gold:   315        SH:  0    Dex: 15    Spells: 0 memorised, 1 level left
                                        Lives:  0   Deaths: 0

rFire  . . .     SeeInvis +       - Unarmed
rCold  . . .     Gourm    .     (armour unavailable)
rNeg   . . .     Faith    .     (shield unavailable)
rPois  .         Spirit   .     (helmet unavailable)
rElec  .         Reflect  .     (cloak unavailable)
rCorr  .         Harm     .     (gloves unavailable)
MR     .....     NoTele   +     (boots unavailable)
Stlth  ++........               (no amulet)
                                (no ring)
                                (no ring)

@: gold aura, quick
A: no armour, no weapons or thrown items, stealth, claws 1, fangs 3, see
invisible, carnivore 3, speed 1, shaggy fur 1, slow metabolism 1, sharp paws
a: Potion Petition, Call Merchant, Bribe Branch, Renounce Religion


You were in the Dungeon.
You worshipped Gozag.
Gozag was aware of your devotion.
You were not hungry.

You visited 1 branch You collected 315 gold pieces.

Inventory:

Scrolls
 h - a scroll of blinking
 j - 3 scrolls of remove curse
 k - 5 scrolls of amnesia
 l - a scroll of summoning
Potions
 a - a potion of might
 c - 6 potions of curing
 d - 5 potions of heal wounds
 e - a potion of haste
 f - 4 potions of magic
 g - 3 potions of berserk rage
 i - 2 potions of invisibility
Comestibles
 b - 8 meat rations


   Skills:
 + Level 3.6 Fighting
 + Level 4.7 Dodging
 + Level 5.7 Unarmed Combat


You had one spell level left.
You didn't know any spells.

Dungeon Overview and Level Annotations

Branches:
Dungeon (1/1)

Altars:
Ashenzari
Cheibriados
Dithmenos
Elyvilon
Fedhas
Gozag
Hepliaklqana
Kikubaaqudgha
Makhleb
Nemelex Xobeh
Okawaru
Qazlal
Ru
Sif Muna
Trog
Uskayaw
Vehumet
Xom
Yredelemnul
Zin
The Shining One
Beogh
Jiyva
Lugonu


Innate Abilities, Weirdness & Mutations

You cannot wear armour.
You are incapable of wielding weapons or throwing items.
Your paws allow you to move quietly. (Stealth)
You have sharp claws.
You have razor-sharp teeth.
You have supernaturally acute eyesight. (SInv)
You are carnivorous and can eat meat at any time.
You cover ground quickly.
You are covered in fur. (AC +1)
You have a slow metabolism.
Your sharp claws are effective at attacking unaware monsters.


Message History

The bat zombie completely misses you.
There is an open door here.
You closely miss the bat zombie.
The bat zombie hits you but does no damage.
The bat zombie closely misses you.
You closely miss the bat zombie. The bat zombie misses you.
The bat zombie closely misses you. The bat zombie completely misses you.
You claw the bat zombie!
You destroy the bat zombie!
You see here 45 gold pieces.
Unknown command.
You scratch the wight.
The wight is heavily damaged.
The wight completely misses you.
You scratch the wight.
The wight is heavily damaged.
The wight hits you with an enchanted morningstar!
Ouch! That really hurt!
You die...
Your body crumbles into a pile of gold.

#__________#
#____#####'#######
######)))#.##.....
#%?(.')))'.##.....
##########.##.....
#...........'.....
#'#####'#####.....
#$#..#..รท(.##.....
#@#))#####)#####'#
#z#))#..(..##.....
#.#))#..(..##.....
#.#[[###'####.....
#.##'#.....##...<.
#.#........##.....
#.#........##.....
#'###########.....
#....Z..# ######


You could see a wight.

Vanquished Creatures
  A leopard gecko (D)
  2 orcs (D)
  2 bats (D)
  A bat zombie (D)
  A giant cockroach (D)
  3 jackals (D)
  A frilled lizard (D)
11 creatures vanquished.

Notes
Turn   | Place    | Note
-------+----------+-------------------------------------------
     0 | D        | equalderp2856 the Felid Fighter began the quest for the Orb.
     0 | D        | Reached XP level 1. HP: 10/10 MP: 2/2
   112 | D        | Found a radiant altar of Vehumet.
   112 | D        | Found a hide-covered altar of Uskayaw.
   112 | D        | Found an ancient bone altar of Kikubaaqudgha.
   112 | D        | Found a viscous altar of Jiyva.
   112 | D        | Found a hazy altar of Hepliaklqana.
   113 | D        | Found a bloodstained altar of Trog.
   113 | D        | Found a deep blue altar of Sif Muna.
   113 | D        | Found a sacrificial altar of Ru.
   113 | D        | Found a stormy altar of Qazlal.
   113 | D        | Found an iron altar of Okawaru.
   113 | D        | Found a sparkling altar of Nemelex Xobeh.
   113 | D        | Found an opulent altar of Gozag.
   113 | D        | Found a blossoming altar of Fedhas.
   113 | D        | Found a white marble altar of Elyvilon.
   113 | D        | Found a shadowy altar of Dithmenos.
   113 | D        | Found a snail-covered altar of Cheibriados.
   114 | D        | Found a glowing golden altar of the Shining One.
   114 | D        | Found a glowing silver altar of Zin.
   115 | D        | Found a burning altar of Makhleb.
   115 | D        | Found a basalt altar of Yredelemnul.
   115 | D        | Found a roughly hewn altar of Beogh.
   116 | D        | Found a corrupted altar of Lugonu.
   116 | D        | Found a shimmering altar of Xom.
   116 | D        | Found a shattered altar of Ashenzari.
   186 | D        | Became a worshipper of Gozag Ym Sagoz the Greedy
   210 | D        | Reached skill level 5 in Unarmed Combat
   222 | D        | Reached XP level 2. HP: 5/14 MP: 3/3
   508 | D        | Noticed a wight
   508 | D        | Noticed a wight
   525 | D        | Slain by a wight

Skill      XL: |  1 |
---------------+----+-----
Unarmed Combat | 5 |  5.7
Fighting       | |  3.6
Dodging        | |  4.7

Action                   || total
-------------------------++-------
Melee: Unarmed           ||    29
       Bite              ||     2
  Use: Potion            ||     1
Armor: Skin              ||     7
Dodge: Dodged            ||    42
